 Dungeon Crawl Stone Soup version 0.19.1 (webtiles) character file.

9949 Ladykiller69 the Infuser (level 11, -9/54 HPs)
             Began as a Deep Elf Conjurer on Dec 23, 2016.
             Was a Believer of Vehumet.
             Mangled by an unseen horror (10 damage)
             ... on level 11 of the Dungeon.
             The game lasted 00:45:12 (11160 turns).

Ladykiller69 the Infuser (Deep Elf Conjurer)       Turns: 11160, Time: 00:45:13

Health: -9/54      AC:  4    Str:  5    XL:     11   Next: 29%
Magic:  28/44      EV: 13    Int: 28    God:    Vehumet [**....]
Gold:   635        SH:  0    Dex: 15    Spells: 7 memorised, 6 levels left

rFire  + . .     SeeInvis .     F - +4 rapier of Integrity {pierce, rF+ MP+9}
rCold  . . .     Gourm    .     I - +0 robe of Pragmatism {rElec Int+4}
rNeg   . . .     Faith    .     (no shield)
rPois  +         Spirit   .     (no helmet)
rElec  +         Reflect  .     (no cloak)
rCorr  .         Harm     .     T - +0 pair of gloves
MR     +....                    E - +0 pair of boots
Stlth  ++........               (no amulet)
                                O - ring of poison resistance
                                k - ring of magical power

@: no status effects
A: no striking features
a: Renounce Religion


You were on level 11 of the Dungeon.
You worshipped Vehumet.
Vehumet was pleased with you.
You were very hungry.

You visited 2 branches of the dungeon, and saw 12 of its levels.

You collected 635 gold pieces.

Inventory:

Hand Weapons
 a - a +2 scimitar of flaming
 F - the +4 rapier of Integrity (weapon) {pierce, rF+ MP+9}
   (You found it on level 5 of the Dungeon)

   It inflicts extra damage upon your enemies.
   It protects you from fire.
   It affects your magic capacity (+9).
Armour
 y - the +3 leather armour "Ototuy" {rF- Regen+ Str+4}
   (You found it on level 4 of the Dungeon)

   It affects your strength (+4).
   It makes you vulnerable to fire.
   It increases your rate of regeneration.
 E - a +0 pair of boots (worn)
 I - the +0 robe of Pragmatism (worn) {rElec Int+4}
   (You took it off an orc wizard on level 4 of the Dungeon)

   It affects your intelligence (+4).
   It insulates you from electricity.
 T - a +0 pair of gloves (worn)
Jewellery
 k - a ring of magical power (left hand)
 A - an uncursed ring of protection from fire
 K - an uncursed ring of flight
 O - a ring of poison resistance (right hand)
 X - an uncursed ring of positive energy
Wands
 q - a wand of iceblast (7/15)
 u - a wand of acid (9/15)
 G - a wand of iceblast (1/15)
 J - a wand of disintegration (13/24)
 U - a wand of iceblast (6/15)
 V - a wand of confusion (7/48)
 W - a wand of enslavement (19/24)
Scrolls
 h - a scroll of enchant armour
 i - 2 scrolls of blinking
 n - 4 scrolls of enchant weapon
 o - 4 scrolls of amnesia
 p - a scroll of magic mapping
 r - a scroll of identify
 t - 9 scrolls of remove curse
 v - 2 scrolls of fear
 B - a scroll of noise
 H - 3 scrolls of recharging
 L - 2 scrolls of summoning {unknown}
 R - a scroll of immolation {unknown}
 Z - 2 scrolls of fog {unknown}
Potions
 e - a potion of mutation {unknown}
 f - a potion of resistance {unknown}
 l - 2 potions of curing
 m - 2 potions of lignification {unknown}
 s - 2 potions of degeneration {unknown}
 w - a potion of magic {unknown}
 x - a potion of cancellation {unknown}
 C - 2 potions of might {unknown}
 D - 2 potions of invisibility {unknown}
 N - 2 potions of agility {unknown}
 Q - a potion of ambrosia {unknown}
 Y - 2 potions of heal wounds {unknown}
Books
 b - a book of Conjurations

   Spells                             Type                      Level
   a - Magic Dart                     Conjuration                  1
   b - Searing Ray                    Conjuration                  2
   c - Dazzling Spray                 Conjuration/Hexes            3
   d - Fulminant Prism                Conjuration/Hexes            4
   e - Iskenderun's Mystic Blast      Conjuration                  4
   f - Iskenderun's Battlesphere      Conjuration/Charms           5
 M - a book of Cantrips

   Spells                             Type                      Level
   a - Confusing Touch                Hexes                        1
   b - Animate Skeleton               Necromancy                   1
   c - Summon Small Mammal            Summoning                    1
   d - Apportation                    Translocation                1
 P - a book of Clouds

   Spells                             Type                      Level
   a - Mephitic Cloud                 Conjuration/Poison/Air       3
   b - Conjure Flame                  Conjuration/Fire             3
   c - Poisonous Cloud                Conjuration/Poison/Air       6
   d - Freezing Cloud                 Conjuration/Ice/Air          6
   e - Ring of Flames                 Charms/Fire                  7
Comestibles
 c - 12 bread rations
 d - 5 meat rations
 g - a slice of pizza
 j - 8 beef jerkies
 z - 3 fruits
 S - 2 royal jellies


   Skills:
 - Level 3.0 Dodging
 - Level 3.0 Stealth
 + Level 9.8 Spellcasting
 + Level 10.6 Conjurations
 - Level 9.1 Hexes
 + Level 12.0 Charms
 + Level 5.2 Air Magic
 + Level 5.9 Poison Magic


You had 6 spell levels left.
You knew the following spells:

 Your Spells              Type           Power        Failure   Level  Hunger
a - Magic Dart            Conj           ####         1%          1    None
b - Dazzling Spray        Conj/Hex       ######       1%          3    None
c - Iskenderun's Mystic   Conj           ######..     1%          4    None
d - Fulminant Prism       Conj/Hex       ######....   1%          4    None
e - Iskenderun's Battles  Conj/Chrm      ######..     1%          5    ####...
f - Mephitic Cloud        Conj/Pois/Air  ######..     1%          3    None
g - Conjure Flame         Conj/Fire      #####...     1%          3    None


Dungeon Overview and Level Annotations

Branches:
Dungeon (11/15)            Temple (1/1) D:6
   Lair: D:8-11         Orc: D:9-12

Altars:
Ashenzari
Cheibriados
Dithmenos
Elyvilon
Fedhas
Gozag
Hepliaklqana
Kikubaaqudgha
Makhleb
Nemelex Xobeh
Okawaru
Qazlal
Ru
Sif Muna
Trog
Uskayaw
Vehumet
Xom
Yredelemnul
Zin
The Shining One

Shops:
D:4 %


Message History

Casting: Fulminant Prism
Confirm with . or Enter, or press ? or * to list all spells.
Aiming: Fulminant Prism
Press: ? - help, Dir - move target cursor You conjure a prism of explosive energy!
Something hits you! Something hits you.
Your fulminant prism crackles loudly.
Your fulminant prism explodes!
You hear a shout! x2; You hear a screech!
You hear a shout!
Something hits you but does no damage. Something hits you.
* * * LOW HITPOINT WARNING * * *
Your fulminant prism crackles loudly.
Your fulminant prism explodes!
The blast of energy engulfs you!
* * * LOW HITPOINT WARNING * * *
You hear a shout! x2; You hear a roar!
There is a stone staircase leading up here.
Okay, then.
Something hits you!
You die...

.# ....*... #.# .......)
#.# #. #.# #K #*# #[
########.####### #D
.................#######(
#...................
#..@........#######.
#.......... #<
#.......... #.
#.......... #.
#.......... #.
#.......... ######.
........... ........
####.####### #.######


You could see a friendly fulminant prism.

Vanquished Creatures
  Harold (D:11)
  An ogre mage (D:11)
  A hill giant (D:10)
  The ghost of MirrMurr the Covert, a novice SpEn of Ashenzari (D:5)
  A kobold demonologist (D:9)
  An efreet (D:10)
  Grinder (D:5)
  4 two-headed ogres (D:11)
  A hippogriff (D:7)
  A shadow (D:7)
  A wyvern (D:8)
  A hungry ghost (D:7)
  The ghost of TBriggs11TB the Bolt Thrower, an amateur KoHu of Dithmenos (D:4)
  2 water moccasins
  2 black bears (D:6)
  3 orc warriors
  4 sky beasts
  3 ice beasts
  2 phantoms
  3 centaurs
  9 ogres
  10 big kobolds (D:9)
  5 bullfrogs
  4 scorpions
  A water moccasin skeleton (D:10)
  9 killer bees
  4 howler monkeys
  A centaur zombie (D:5)
  7 crimson imps
  4 hounds
  A jelly (D:5)
  2 bullfrog skeletons
  5 orc priests
  A centaur skeleton (D:10)
  3 iguanas
  10 orc wizards
  3 worker ants
  A hound skeleton (D:7)
  2 worker ant zombies
  9 gnolls
  8 adders
  2 oozes
  2 adder zombies
  3 adder skeletons
  A worm (D:3)
  A dart slug (D:1)
  10 leopard geckos
  32 orcs
  4 ball pythons
  8 giant cockroaches
  9 goblins
  5 hobgoblins
  9 jackals
  23 kobolds
  3 quokkas
  4 bats
  6 frilled lizards
  2 leopard gecko skeletons
  A quokka skeleton (D:6)
  3 rats (D:3)
262 creatures vanquished.

Vanquished Creatures (others)
  64 fulminant prisms
  7 toadstools (D:1)
71 creatures vanquished.

Grand Total: 333 creatures vanquished

Notes
Turn   | Place    | Note
-------+----------+-------------------------------------------
     0 | D:1      | Ladykiller69 the Deep Elf Conjurer began the quest for the Orb.
     0 | D:1      | Reached XP level 1. HP: 10/10 MP: 6/6
   236 | D:1      | Reached XP level 2. HP: 15/15 MP: 2/8
   886 | D:2      | Found a faded altar of an unknown god.
  1087 | D:2      | Reached XP level 3. HP: 19/19 MP: 6/10
  1121 | D:2      | Reached skill level 5 in Conjurations
  1247 | D:2      | Reached XP level 4. HP: 19/24 MP: 2/12
  1252 | D:2      | Learned a level 3 spell: Dazzling Spray
  1257 | D:2      | Learned a level 4 spell: Iskenderun's Mystic Blast
  1995 | D:3      | Reached XP level 5. HP: 28/28 MP: 8/14
  2047 | D:3      | Reached skill level 5 in Spellcasting
  2047 | D:3      | Reached skill level 1 in Hexes
  2445 | D:3      | Learned a level 4 spell: Fulminant Prism
  3201 | D:4      | Noticed an ogre
  3211 | D:4      | Killed an ogre
  3211 | D:4      | Reached XP level 6. HP: 16/32 MP: 7/16
  3218 | D:4      | Got a faintly glowing leather armour
  3281 | D:4      | Identified the +3 leather armour "Ototuy" {rF- Regen+ Str+4} (You found it on level 4 of the Dungeon)
  3376 | D:4      | Noticed TBriggs11TB's ghost (amateur KoHu)
  3969 | D:4      | Reached XP level 7. HP: 20/36 MP: 4/18
  4110 | D:4      | Got a brightly glowing robe
  4135 | D:4      | Identified the +0 robe of Pragmatism {rElec Int+4} (You took it off an orc wizard on level 4 of the Dungeon)
  4309 | D:4      | Found Muafutu's Food Shop.
  4544 | D:4      | Killed TBriggs11TB's ghost
  4551 | D:4      | Learned a level 5 spell: Iskenderun's Battlesphere
  4581 | D:4      | Reached skill level 5 in Hexes
  4743 | D:4      | Reached skill level 1 in Charms
  4836 | D:4      | Reached skill level 2 in Charms
  4978 | D:5      | Entered Level 5 of the Dungeon
  5052 | D:5      | Reached skill level 3 in Charms
  5103 | D:5      | Reached XP level 8. HP: 41/41 MP: 13/20
  5163 | D:5      | Reached skill level 4 in Charms
  5175 | D:5      | Got a crystal rapier
  5176 | D:5      | Identified the +4 rapier of Integrity {pierce, rF+ MP+9} (You found it on level 5 of the Dungeon)
  5182 | D:5      | Noticed Grinder
  5190 | D:5      | Paralysed by Grinder for 6 turns
  5198 | D:5      | Killed Grinder
  5198 | D:5      | Reached skill level 5 in Charms
  5455 | D:5      | Reached skill level 6 in Charms
  5754 | D:5      | Noticed MirrMurr's ghost (novice SpEn)
  5761 | D:5      | Killed MirrMurr's ghost
  5761 | D:5      | Reached skill level 7 in Charms
  5799 | D:6      | Reached skill level 8 in Charms
  5824 | D:6      | Found an opulent altar of Gozag.
  5825 | D:6      | Found a basalt altar of Yredelemnul.
  5832 | D:6      | Found a radiant altar of Vehumet.
  5977 | D:6      | Reached XP level 9. HP: 45/45 MP: 16/21
  6205 | D:6      | Found a staircase to the Ecumenical Temple.
  6214 | Temple   | Entered the Ecumenical Temple
  6342 | D:6      | Reached skill level 9 in Charms
  6452 | D:6      | Became a worshipper of Vehumet
  6617 | D:7      | Reached skill level 10 in Charms
  6627 | D:7      | Learned a level 3 spell: Mephitic Cloud
  6940 | D:7      | Reached skill level 1 in Air Magic
  6940 | D:7      | Reached skill level 1 in Poison Magic
  7174 | D:7      | Found a glowing golden altar of the Shining One.
  7827 | D:8      | Reached XP level 10. HP: 12/50 MP: 1/23
  7964 | D:8      | Learned a level 3 spell: Conjure Flame
  8133 | D:8      | Reached * piety under Vehumet
  8133 | D:8      | Offered knowledge of Sting by Vehumet.
  8658 | D:9      | Found a shimmering altar of Xom.
  8912 | D:9      | Reached skill level 11 in Charms
  9602 | D:10     | Entered Level 10 of the Dungeon
  9671 | D:10     | Offered knowledge of Throw Frost by Vehumet.
  9673 | D:10     | Reached ** piety under Vehumet
  9713 | D:10     | Reached skill level 10 in Conjurations
 10051 | D:10     | Noticed a hill giant
 10059 | D:10     | Killed a hill giant
 10059 | D:10     | Reached skill level 5 in Poison Magic
 10999 | D:11     | Reached XP level 11. HP: 54/54 MP: 26/26
 10999 | D:11     | Noticed Harold
 11013 | D:11     | Noticed an ogre mage
 11016 | D:11     | Killed Harold
 11016 | D:11     | Reached skill level 5 in Air Magic
 11018 | D:11     | Killed an ogre mage
 11018 | D:11     | Reached skill level 12 in Charms
 11033 | D:11     | Noticed an eight-headed hydra
 11159 | D:11     | HP: 1/54 [fulminant prism[the player character] (14)]
 11160 | D:11     | Mangled by an unseen horror

Skill      XL: |  1  2  3  4  5  6  7  8  9 10 11 |
---------------+----------------------------------+-----
Dodging        | 3 |  3.0
Stealth        | 3 |  3.0
Spellcasting   | 4 5 6 7 9 |  9.8
Conjurations   | 5 6 7 8 9 10 | 10.6
Hexes          | 3 4 5 7 8 9 |  9.1
Charms         | 3 8 10 11 12 | 12.0
Air Magic      | 2 4 5 |  5.2
Poison Magic   | 2 5 |  5.9

Action                   |  1- 3 |  4- 6 |  7- 9 | 10-12 || total
-------------------------+-------+-------+-------+-------++-------
Melee: Rapier            |       |       |     4 |     4 ||     8
 Cast: Magic Dart        |    66 |   177 |   258 |   174 ||   675
       Dazzling Spray    |       |     4 |    23 |    34 ||    61
       Fulminant Prism   |       |     4 |    29 |    32 ||    65
       Iskenderun's Batt |       |       |     1 |       ||     1
       Conjure Flame     |       |       |       |     6 ||     6
       Mephitic Cloud    |       |       |       |     2 ||     2
       Iskenderun's Myst |       |       |       |     1 ||     1
  Use: Potion            |       |     1 |     1 |       ||     2
       Scroll            |       |       |       |    10 ||    10
  Eat: Chunk             |     1 |     9 |    13 |     5 ||    28
       Bread ration      |       |       |       |     1 ||     1
Armor: Robe              |       |     4 |     7 |    15 ||    26
Dodge: Dodged            |     5 |    26 |    46 |    42 ||   119
